 Dungeon Crawl Stone Soup version 0.28-a0-479-g5baa6b73be (webtiles) character file.

Game seed: 187337576713686219

16 avis the Insei (level 2, -1/19 HPs)
             Began as an Octopode Transmuter on Sept 18, 2021.
             Slain by a gnoll (3 damage)
             ... on level 2 of the Dungeon.
             The game lasted 00:04:16 (1048 turns).

avis the Insei (Octopode Transmuter)                Turns: 1048, Time: 00:04:16

Health: -1/19      AC:  1    Str: 15    XL:     2   Next: 58%
Magic:  5/5        EV: 13    Int: 15    God:
Gold:   27         SH:  0    Dex: 12    Spells: 4/5 levels left

rFire   . . .      SeeInvis .   a - +4 short sword
rCold   . . .      Faith    .   (no shield)
rNeg    . . .      Spirit   .   (helmet currently unavailable)
rPois   .          Reflect  .   (no amulet)
rElec   .          Harm     .   e - +6 ring of strength
rCorr   .          Rampage  .   (no ring)
Will    .....                   (no ring)
Stlth   ++........              (no ring)
HPRegen 0.06/turn               (no ring)
MPRegen 0.09/turn               (no ring)
                                (no ring)
                                (no ring)

@: appendages (expiring)
A: tentacle spike 3, almost no armour, amphibious, 8 rings, camouflage 1,
gelatinous body 1, (nimble swimmer 1), tentacles
a: End Transformation


You were on level 2 of the Dungeon.
One of your tentacles had grown a beastly spike.
You visited 1 branch of the dungeon, and saw 2 of its levels.

You collected 27 gold pieces.

Inventory:

Hand Weapons
 a - a +4 short sword (weapon)
 b - a +0 hunting sling
Missiles
 g - 34 stones
Jewellery
 e - a +6 ring of strength (left tentacle)
Scrolls
 d - a scroll of vulnerability {unknown}
 f - a scroll of noise {unknown}
Potions
 c - a potion of ambrosia {unknown}


   Skills:
 - Level 2.0 Fighting
 - Level 2.0 Dodging
 - Level 3.0 Unarmed Combat
 - Level 2.0 Spellcasting
 * Level 2.5 Transmutations


You had 4 spell levels left.
You knew the following spells:

 Your Spells              Type           Power      Damage    Failure   Level
a - Beastly Appendage     Tmut           18%        N/A       8%          1

Your spell library contained the following spells:

 Spells                   Type           Power      Damage    Failure   Level
 Wereblood                Tmut           9%         N/A       12%         2
 Spider Form              Tmut/Pois      2%         N/A       36%         3
 Ice Form                 Ice/Tmut       5%         N/A       78%         4


Dungeon Overview and Level Annotations

Branches:
Dungeon (2/15)

Altars:


Innate Abilities, Weirdness & Mutations

One of your tentacles has grown a beastly spike.
You cannot wear most types of armour.
You are amphibious.
You can wear up to eight rings at the same time.
Your skin changes colour to match your surroundings (Stealth+).
Your rubbery body absorbs attacks. (AC +1, EV +1)
((You are camouflaged near water. (Stealth+)))
You have tentacles for arms and can constrict up to eight enemies at once.


Message History

One of your tentacles grows a vicious spike.
You climb downwards.
There is a stone staircase leading up here.
Your transformation is almost over.
There is a stone staircase leading up here.
Found an escape hatch in the floor.
There is a stone staircase leading up here.
Your tentacle spike disappears.
You climb upwards.
There is a stone staircase leading down here.
There is a stone staircase leading down here.
Casting: Beastly Appendage (safe; 8% risk of failure)
Confirm with . or Enter, or press ? or * to list all spells.
One of your tentacles grows a vicious spike.
You climb downwards.
There is a stone staircase leading up here.
a - a +4 short sword (weapon)
The helpless gnoll fails to defend itself.
You puncture the gnoll! Your grab misses the gnoll.
Your tentacle spike misses the gnoll.
The gnoll is severely wounded.
Your transformation is almost over.
The gnoll throws a throwing net.
The throwing net hits you.
You become entangled in the net!
You stop ascending the stairs.
The gnoll hits you with a +0 halberd!
Ouch! That really hurt!
Unknown command.
You tear a large gash into the net.
The gnoll barely misses you.
You struggle against the net.
The gnoll hits you with a +0 club.
* * * LOW HITPOINT WARNING * * *
The gnoll barely misses you.
You shred the net and break free! The gnoll misses you.
The gnoll barely misses you.
You closely miss the gnoll. You grab the gnoll.
The gnoll is severely wounded.
You constrict the gnoll. The gnoll barely misses you. The gnoll misses you.
You hit the gnoll.
You kill the gnoll!
The gnoll hits you with a +0 club.
You die...

## #.
#g##
#)@#
#..#
#...
.....
....###
.....#
#.##.##
#. #.


You could see a gnoll.

Vanquished Creatures
  A gnoll (D:2)
  A ball python (D:1)
  A bat (D:1)
  An endoplasm (D:1)
  3 goblins (D:1)
  2 hobgoblins (D:1)
  2 kobolds (D:1)
  A quokka (D:1)
  2 frilled lizards (D:1)
  A rat (D:1)
15 creatures vanquished.

Vanquished Creatures (others)
  4 toadstools (D:1)
4 creatures vanquished.

Grand Total: 19 creatures vanquished

Notes
Turn   | Place    | Note
-------+----------+-------------------------------------------
     0 | D:1      | avis the Octopode Transmuter began the quest for the Orb.
     0 | D:1      | Reached XP level 1. HP: 13/13 MP: 3/3
   517 | D:1      | Reached XP level 2. HP: 19/19 MP: 3/5
  1048 | D:2      | Slain by a gnoll

Illustrated notes

Levels and vault maps discovered:
D:1:      ldierk_water_garden, layout_basic
D:2:      layout_basic, uniq_robin

Skill      XL: |  1 |
---------------+----+-----
Fighting       | 2 |  2.0
Dodging        | |  2.0
Unarmed Combat | |  3.0
Spellcasting   | |  2.0
Transmutations | |  2.5

Action                   || total
-------------------------++-------
Melee: Unarmed           ||    19
       Kick              ||     8
       Constrict         ||     7
       Punch             ||     1
       Short sword       ||     3
       Tentacles         ||     1
 Fire: Hunting sling     ||     1
 Cast: Beastly Appendage ||    12
 Stab: Sleeping          ||     2
Dodge: Dodged            ||    12

Table legend: (Time is in decaauts)
 A = Elapsed time spent in this place.
 B = Non-inter-level travel time spent in this place.
 C = Inter-level travel time spent in this place.
 D = Time resting spent in this place.
 E = Time spent auto-exploring this place.
 F = Levels seen in this place.
 G = Mean time per level.
                   A        B        C        D        E       F      G
               +--------+--------+--------+--------+--------+-----+--------+
         Total |   1046 |    933 |    113 |    206 |    560 |   2 |  523.0 |
       Dungeon |   1046 |    933 |    113 |    206 |    560 |   2 |  523.0 |
               +--------+--------+--------+--------+--------+-----+--------+

Top non-repeatable levels by time:
     D:1: 1020 daAuts
     D:2: 26 daAuts
